 Seeded DCSS version 0.25-a0-478-g33c61bd (webtiles) character file.

Game seed: 6182461587212440505, levelgen mode: deterministic

24 b5mith the Bolt Thrower (level 3, 0/42 HPs)
             Began as a Barachi Hunter on Feb 8, 2020.
             Slain by Terence
             ... wielding a +0 falchion of electrocution
              (12 damage)
             ... on level 2 of the Dungeon.
             The game lasted 00:06:54 (1129 turns).

b5mith the Bolt Thrower (Barachi Hunter)            Turns: 1129, Time: 00:06:54

Health: 0/42       AC: 21    Str: 13    XL:     3   Next: 2%
Magic:  3/3        EV:  2    Int: 11    God:
Gold:   83         SH:  0    Dex: 13    Spells: 2/2 levels left

rFire    . . .     SeeInvis .   a - +2 hand crossbow
rCold    . . .     Gourm    .   (no shield)
rNeg     + + +     Faith    .   (armour currently unavailable)
rPois    +         Spirit   .   (helmet currently unavailable)
rElec    .         Reflect  .   (cloak currently unavailable)
rCorr    .         Harm     .   (gloves currently unavailable)
MR       .....     NoTele   +   (boots currently unavailable)
Stlth    ++........             (no amulet)
HPRegen  0.14/turn              (no ring)
MPRegen  0.08/turn              (no ring)

@: tree-form
A: +LOS, swims
a: no special abilities


You were on level 2 of the Dungeon.
You were not hungry.
You were a tree.
You visited 1 branch of the dungeon, and saw 2 of its levels.

You collected 83 gold pieces.

Inventory:

Hand Weapons
 a - a +2 hand crossbow (weapon)
 b - a +0 short sword
Missiles
 d - 45 bolts (quivered)
Armour
 c - a +0 leather armour
 j - a +0 ring mail of magic resistance (melded)
 n - a cursed +0 cloak (melded)
Potions
 e - 2 potions of agility {unknown}
 i - 2 potions of flight {unknown}
Comestibles
 f - 2 rations


   Skills:
 + Level 2.7 Fighting
 + Level 4.6 Crossbows
 + Level 0.3 Armour
 + Level 2.3 Dodging
 + Level 1.1 Stealth


You had 2 spell levels left.
You didn't know any spells.
Your spell library was empty.

Dungeon Overview and Level Annotations

Branches:
Dungeon (2/15)

Altars:

Annotations:
D:2 Terence


Innate Abilities, Weirdness & Mutations

You can be seen from farther away. (+LOS)
You can swim through water.
((You cover ground slowly.))
((You can hop short distances.))


Message History

Really attack while wielding your +2 hand crossbow? [Y]es or [N]o only, please.
Really attack while wielding your +2 hand crossbow? [Y]es or [N]o only, please.
Really attack while wielding your +2 hand crossbow?
Okay, then.
Firing (i - inventory)
d - 47 bolts (quivered)
Press: ? - help, Shift-Dir - straight line, f/p - Terence
Aim: Terence, wielding a +0 falchion of electrocution and wearing a +0 chain mail (inner flame)
You shoot a bolt. The bolt closely misses Terence.
Terence hits you with a +0 falchion of electrocution.
* * * LOW HITPOINT WARNING * * *
Firing (i - inventory)
d - 46 bolts (quivered)
Press: ? - help, Shift-Dir - straight line, f/p - Terence
Aim: Terence, wielding a +0 falchion of electrocution and wearing a +0 chain mail (inner flame)
You shoot a bolt. The bolt hits Terence.
Flame seeps out of Terence.
Terence is lightly wounded.
Terence is engulfed in blazing flames.
Flame seeps out of Terence.
Terence hits you but does no damage.
You are electrocuted!
You die...

#######.#########.##.#.##..######
#.........#.##.#.#.......#
###############.#.##.#.......#.#
.........†......#.##.#.......#.#
.#############..#.##.......#.#<##
.#...........#..#.#####.####.#.##
.#.#########.#..#............#...
.#.# #....#....#################
.#.# #.#(.....@♣................
.#.# #.####......##...##########
.#.####......#...................
.#.##....########.##...##########
..........# #.##...# ##.##.....#
#.##>..# .....####'#** #.##...#
.#.#.#*,>...* *#+##...#
.#.#.#*,,..(# *,,,#...#


You could see Terence (inner flame).

Vanquished Creatures
  2 dart slugs
  A leopard gecko (D:1)
  4 goblins
  2 hobgoblins
  A bat (D:2)
  2 frilled lizards (D:1)
  5 kobolds
  3 rats
20 creatures vanquished.

Notes
Turn   | Place    | Note
-------+----------+-------------------------------------------
     0 | D:1      | b5mith the Barachi Hunter began the quest for the Orb.
     0 | D:1      | Reached XP level 1. HP: 17/17 MP: 1/1
    70 | D:1      | Reached XP level 2. HP: 16/23 MP: 2/2
  1025 | D:2      | Reached skill level 1 in Stealth
  1081 | D:2      | Reached XP level 3. HP: 28/28 MP: 3/3
  1110 | D:2      | Noticed Terence
  1129 | D:2      | Slain by Terence

Levels and vault maps discovered:
D:1:      psy_arrival_whirlpool, layout_basic
D:2:      layout_basic, minmay_overflow_temple_star_hex, uniq_terence

Skill      XL: |  1  2 |
---------------+-------+-----
Stealth        | 1 |  1.1
Fighting       | |  2.7
Crossbows      | |  4.6
Armour         | |  0.3
Dodging        | |  2.3

Action                   || total
-------------------------++-------
 Fire: Hand crossbow     ||    52
  Use: Scroll            ||     4
       Potion            ||     2
  Eat: Chunk             ||     1
Armor: Leather armour    ||     2
       Skin              ||     3
Dodge: Dodged            ||    11

Table legend:
 A = Non-vault XP
 B = Vault XP
 C = Vault XP percentage of total XP
 D = Non-vault monster count
 E = Vault monster count
 F = Vault count percentage of total count
                 A         B        C        D         E       F
            +---------+---------+-------+---------+---------+-------
      Total |      35 |       0 |   0.0 |      20 |       0 |   0.0
            +---------+---------+-------+---------+---------+-------
        D:1 |      21 |       0 |   0.0 |      12 |       0 |   0.0
        D:2 |      14 |       0 |   0.0 |       8 |       0 |   0.0
            +---------+---------+-------+---------+---------+-------
